 Dungeon Crawl Stone Soup version 0.18-a0-1468-gaf180a1 (console) character file.

133 Liam the Conjurer (level 4, -1/24 HPs)
             Began as a Deep Elf Conjurer on Mar 1, 2016.
             Was an Initiate of Vehumet.
             Slain by a gnoll
             ... wielding a +0 halberd
              (13 damage)
             ... on level 3 of the Dungeon.
             The game lasted 00:02:22 (2272 turns).

Liam the Conjurer (Deep Elf Conjurer)               Turns: 2272, Time: 00:02:22

Health: -1/24      AC:  5    Str:  5    XL:     4   Next: 94%
Magic:  1/13       EV: 13    Int: 21    God:    Vehumet [......]
Gold:   168        SH:  0    Dex: 15    Spells: 2 memorised, 9 levels left

rFire  . . .     SeeInvis .     (no weapon)
rCold  . . .     Gourm    .     a - +0 robe
rNeg   . . .     Faith    .     (no shield)
rPois  .         Spirit   .     q - +2 hat
rElec  .         Dismiss  .     m - +0 cloak
rCorr  .         Reflect  .     (no gloves)
SustAt .         Harm     .     (no boots)
MR     .....                    (no amulet)
Stlth  ++........               (no ring)
                                (no ring)

@: not resistant to hostile enchantments, unstealthy
A: no striking features
a: Renounce Religion


You were on level 3 of the Dungeon.
You worshipped Vehumet.
Vehumet was noncommittal.
You were hungry.

You visited 1 branch of the dungeon, and saw 3 of its levels.

You collected 168 gold pieces.

Inventory:

Armour
 a - a +0 robe (worn)
 m - a +0 cloak (worn)
 q - a +2 hat (worn)
Wands
 j - a wand of disintegration (10/24)
Scrolls
 e - a scroll of enchant weapon {unknown}
 f - 3 scrolls of identify {unknown}
 h - a scroll of magic mapping {unknown}
 i - 2 scrolls of noise {unknown}
 l - a scroll of teleportation {unknown}
 o - 2 scrolls of enchant armour {unknown}
 p - a scroll of recharging {unknown}
Potions
 d - a potion of heal wounds {unknown}
 n - a potion of cancellation {unknown}
Books
 b - a book of Conjurations

   Spells                             Type                      Level
   a - Magic Dart                     Conjuration                  1
   b - Searing Ray                    Conjuration                  2
   c - Dazzling Spray                 Conjuration/Hexes            3
   d - Fulminant Prism                Conjuration/Hexes            4
   e - Iskenderun's Mystic Blast      Conjuration                  4
   f - Iskenderun's Battlesphere      Conjuration/Charms           5
Comestibles
 c - 4 bread rations
 g - 2 meat rations
 k - a royal jelly


   Skills:
 - Level 2.4 Dodging
 - Level 2.4 Stealth
 + Level 5.5 Spellcasting
 + Level 5.6 Conjurations


You had 9 spell levels left.
You knew the following spells:

 Your Spells              Type           Power        Failure   Level  Hunger
a - Magic Dart            Conj           ####         1%          1    None
x - Iskenderun's Mystic   Conj           ####....     12%         4    ####...


Dungeon Overview and Level Annotations

Branches:
Dungeon (3/15)

Altars:
Vehumet

Annotations:
D:2 Robin


Message History

Casting: Magic Dart
Confirm with . or Enter, or press ? or * to list all spells.
Aiming: Magic Dart
Press: ? - help, Shift-Dir - straight line, f/p - gnoll
Aim: a gnoll, wielding a whip (almost dead)
The magic dart hits the gnoll.
You kill the gnoll!
Vehumet accepts your kill.
The gnoll hits you from afar with a halberd.
Casting: Magic Dart
Confirm with . or Enter, or press ? or * to list all spells.
Aiming: Magic Dart
Press: ? - help, Shift-Dir - straight line, f - kobold
Aim: a kobold The magic dart hits the kobold.
The kobold is heavily wounded.
The kobold hits you.
The gnoll hits you from afar with a halberd!
Ouch! That really hurt!
You die...

##.....#.#
#.#
.....#.#.#
#.#
.......#.#
#.####
#....###.#
#....#
#...>....#
####.#
#.####.###
#.# ..# .#
#.# .## #
#.# ## #@#
#. #K# #.
g.# #.
)###
#.#### #.
....# #
#.#.# ###
#...#.#
..#
#<รท...#


You could see a gnoll and a kobold.

Vanquished Creatures
  3 gnolls (D:3)
  4 adders
  An ooze (D:1)
  A worm (D:2)
  2 dart slugs
  An orc (D:3)
  8 giant cockroaches
  4 goblins
  7 hobgoblins
  4 jackals (D:3)
  3 kobolds
  2 quokkas (D:2)
  A ball python (D:1)
  7 bats
  4 giant newts
  4 rats (D:1)
56 creatures vanquished.

Notes
Turn   | Place    | Note
--------------------------------------------------------------
     0 | D:1      | Liam the Deep Elf Conjurer began the quest for the Orb.
     0 | D:1      | Reached XP level 1. HP: 10/10 MP: 6/6
   347 | D:1      | Reached XP level 2. HP: 15/15 MP: 6/8
   948 | D:2      | Reached XP level 3. HP: 19/19 MP: 6/10
  1153 | D:2      | Reached skill level 5 in Conjurations
  1360 | D:2      | Noticed Robin
  1649 | D:3      | Reached XP level 4. HP: 24/24 MP: 7/12
  1660 | D:3      | Learned a level 4 spell: Iskenderun's Mystic Blast
  1780 | D:3      | Reached skill level 5 in Spellcasting
  1818 | D:3      | Found a radiant altar of Vehumet.
  1826 | D:3      | Became a worshipper of Vehumet
  2272 | D:3      | Slain by a gnoll

Vault maps used:
D:1:      minmay_arrival_radiant_lines
D:2:      uniq_robin
D:3:      vehumet_crystals, first_bread, feat_on_display

Skill      XL: |  1  2  3  4 |
---------------+-------------+-----
Spellcasting   | 4 5 |  5.5
Conjurations   | 5 |  5.6
Dodging        | |  2.4
Stealth        | |  2.4

Action                   |  1- 3 |  4- 6 || total
-------------------------+-------+-------++-------
Melee: Unarmed           |     3 |       ||     3
 Cast: Magic Dart        |    82 |    46 ||   128
  Eat: Chunk             |     1 |     2 ||     3
